[Event "Titled Tuesday Blitz March 01 Late 2022"]
[White "Grischuk, Alexander"]
[Black "Ibadov, Dashgyn"]
[WhiteFideId "4126025"]
[BlackFideId "24107514"]
[WhiteElo "2762"]
[BlackElo "2084"]
[Result "1-0"]
[Round "03"]
[TimeControl "180+1"]
[Date "2022.03.01"]
[WhiteClock "0:00:56"]
[BlackClock "0:00:01"]

1. e4 e5 2. Nf3 Nc6 3. Bb5 a6 4. Ba4 Nf6 5. O-O Be7 6. d3 b5 7. Bb3 d6 8. c3 O-O 9. h3 Na5 10. Bc2 c5 11. d4 cxd4 12. cxd4 exd4 13. Nxd4 Bb7 14. Nf5 Re8 15. Bg5 h6 16. Bh4 Nc4 17. Qd4 Ne5 18. Nc3 Ng6 19. Nxe7+ Qxe7 20. Bxf6 Qxf6 21. Qxf6 gxf6 22. Rad1 b4 23. Nd5 Bxd5 24. Rxd5 Rac8 25. Bb1 Rc6 26. Rfd1 Re6 27. g3 Ne7 28. Kg2 Rb6 29. R5d4 a5 30. Bc2 Nc8 31. Bb3 Re5 32. Rc1 Ne7 33. Rc7 Kf8 34. Rd7 Rc5 35. R4xd6 Rxd6 36. Rxd6 Ke8 37. Rxf6 Ng6 38. Bxf7+ 1-0


[Site "https://www.chess.com"]

[Event "Titled Tuesday Blitz March 01 Late 2022"]
[White "Guz, Ari"]
[Black "Lopez Perdomo, Juan David"]
[WhiteFideId "2825759"]
[BlackFideId "4405137"]
[WhiteElo "1913"]
[BlackElo "1997"]
[Result "1-0"]
[Round "03"]
[TimeControl "180+1"]
[Date "2022.03.02"]
[WhiteClock "0:00:59"]
[BlackClock "0:00:03"]

1. b3 e6 2. Bb2 d5 3. Nf3 Nf6 4. g3 Be7 5. Bg2 O-O 6. O-O c5 7. c4 d4 8. e3 dxe3 9. dxe3 Nc6 10. Nc3 Nb4 11. Qe2 Qd3 12. Rfd1 Qxe2 13. Nxe2 Rd8 14. Ne5 Rxd1+ 15. Rxd1 Nxa2 16. g4 h6 17. h4 a5 18. Ra1 Nb4 19. Nc3 Nd7 20. Nxd7 Bxd7 21. h5 Ra7 22. Nb5 Bxb5 23. cxb5 b6 24. Rd1 a4 25. bxa4 Rxa4 26. Rd7 Bf8 27. Rd8 Ra2 28. Be5 f6 29. Bd6 Ra1+ 30. Kh2 Kf7 31. Rxf8# 1-0


[Site "https://www.chess.com"]

[Event "Titled Tuesday Blitz March 01 Late 2022"]
[White "Hakemi, Arman"]
[Black "Saraci, Nderim"]
[WhiteFideId "22520805"]
[BlackFideId "6351921"]
[WhiteElo "2208"]
[BlackElo "2573"]
[Result "1/2-1/2"]
[Round "03"]
[TimeControl "180+1"]
[Date "2022.03.01"]
[WhiteClock "0:00:10"]
[BlackClock "0:00:07"]

1. e4 c5 2. Nf3 e6 3. c3 Nf6 4. e5 Nd5 5. a3 Nc6 6. d4 cxd4 7. c4 Nde7 8. Bg5 h6 9. Bh4 Qc7 10. Bg3 Nf5 11. Qe2 Nxg3 12. hxg3 d6 13. exd6 Bxd6 14. Nbd2 Be7 15. b4 Bf6 16. Ne4 Bd7 17. c5 Be7 18. Qc4 O-O-O 19. Bd3 f5 20. Nd6+ Bxd6 21. cxd6 Qb6 22. b5 Qa5+ 23. Kf1 Kb8 24. bxc6 Bxc6 25. Kg1 Rxd6 26. Kh2 e5 27. Bxf5 Rf8 28. Bh3 Rdf6 29. Rhc1 a6 30. Rab1 Ka7 31. Qc5+ Qxc5 32. Rxc5 Bxf3 33. gxf3 Rxf3 34. Bg2 R3f7 35. Rxe5 Rd8 36. Rd1 Rxf2 37. Re7 Rb2 38. Rd3 g5 39. Rg7 Rb6 40. Kh3 Rdd6 41. Be4 Rb2 42. Kg4 a5 43. a4 Rb4 44. Kh5 Ka6 45. g4 b5 46. axb5+ Kxb5 47. Bg6 a4 48. Kxh6 Rb3 49. Rd1 d3 50. Kxg5 d2 51. Rb7+ Kc4 52. Bf7+ Kc3 53. Bxb3 axb3 54. Rc7+ Kd3 55. Rb1 Ke2 56. Re7+ Kf2 57. Rb7 Rd3 58. Kf4 Ke2 59. Ke4 Re3+ 60. Kd4 Rd3+ 61. Kc4 d1=Q 62. Rxd1 Rxd1 63. g5 Rg1 64. Rxb3 Rxg5 65. Rb5 Rxb5 66. Kxb5 1/2-1/2


[Site "https://www.chess.com"]

[Event "Titled Tuesday Blitz March 01 Late 2022"]
[White "Hamley, Ryan"]
[Black "Miszler, Levente"]
[WhiteFideId "30959497"]
[BlackFideId "763276"]
[WhiteElo "2584"]
[BlackElo "1966"]
[Result "1-0"]
[Round "03"]
[TimeControl "180+1"]
[Date "2022.03.02"]
[WhiteClock "0:00:29"]
[BlackClock "0:00:13"]

1. d4 e6 2. Nf3 b6 3. Bf4 Bb7 4. e3 f5 5. Bd3 Nf6 6. Nbd2 Be7 7. h3 O-O 8. c3 Ne4 9. Qc2 Nxd2 10. Qxd2 d6 11. O-O-O Nd7 12. Rde1 Nf6 13. Kb1 Ne4 14. Qe2 Bf6 15. Rhg1 Re8 16. Nd2 Nxd2+ 17. Qxd2 e5 18. Bh2 e4 19. Bc2 c5 20. g4 fxg4 21. Rxg4 d5 22. Reg1 cxd4 23. cxd4 Rc8 24. Bb3 Ba6 25. Be5 Bd3+ 26. Ka1 Bxe5 27. dxe5 g6 28. f4 Bc4 29. Bxc4 Rxc4 30. f5 Rxe5 31. fxg6 h6 32. Qf2 Re7 33. Qf6 Qf8 34. Qd6 Rc5 35. Rf4 Qc8 36. Rb1 Rec7 37. a3 Rc1 38. Qxd5+ Kh8 39. Qxe4 Rxb1+ 40. Kxb1 Rc1+ 41. Ka2 Qg8+ 42. Rf7 Rc6 43. Qe5+ 1-0


[Site "https://www.chess.com"]

[Event "Titled Tuesday Blitz March 01 Late 2022"]
[White "Harvey, Marcus R"]
[Black "Urazayev, Arystanbek"]
[WhiteFideId "400092"]
[BlackFideId "13709810"]
[WhiteElo "2485"]
[BlackElo "2321"]
[Result "1-0"]
[Round "03"]
[TimeControl "180+1"]
[Date "2022.03.01"]
[WhiteClock "0:00:08"]
[BlackClock "0:00:31"]

1. c4 e6 2. Nf3 d5 3. e3 Nf6 4. b3 Be7 5. Bb2 O-O 6. Nc3 c5 7. cxd5 exd5 8. d4 Ne4 9. Nxe4 dxe4 10. Ne5 Qa5+ 11. Qd2 Qxd2+ 12. Kxd2 Nd7 13. Nxd7 Bxd7 14. Rc1 Rac8 15. Ba3 b6 16. Ba6 Rc7 17. dxc5 bxc5 18. Kc2 Be6 19. Bc4 Bxc4 20. bxc4 Rc6 21. Rb1 Ra6 22. Rb3 Ra4 23. Bb2 Rxc4+ 24. Rc3 Rb4 25. Rb3 Rfb8 26. Rxb4 cxb4 27. Kb3 Rd8 28. Bd4 a5 29. Rc1 Bf6 30. Rc4 Bxd4 31. exd4 f5 32. Ka4 Rd5 33. Rc5 Rxc5 34. dxc5 Kf7 35. Kxa5 Ke6 36. c6 f4 37. Kxb4 Kd6 38. Kc4 Kxc6 39. Kd4 e3 40. fxe3 f3 41. gxf3 g5 42. Ke5 h5 43. Kf5 g4 44. fxg4 h4 45. g5 h3 46. g6 Kd5 47. g7 Kd6 48. g8=Q Ke7 49. Qg5+ 1-0


[Site "https://www.chess.com"]

[Event "Titled Tuesday Blitz March 01 Late 2022"]
[White "Hjartarson, Johann"]
[Black "Moral Garcia, Serafin"]
[WhiteFideId "2300044"]
[BlackFideId "2201925"]
[WhiteElo "2484"]
[BlackElo "2228"]
[Result "1-0"]
[Round "03"]
[TimeControl "180+1"]
[Date "2022.03.02"]
[WhiteClock "0:00:47"]
[BlackClock "0:00:29"]

1. e4 e5 2. Nf3 Nc6 3. Bb5 a6 4. Ba4 Nf6 5. O-O Be7 6. Re1 b5 7. Bb3 d6 8. c3 O-O 9. d4 Bg4 10. d5 Na5 11. Bc2 Qc8 12. h3 Bd7 13. Nbd2 c6 14. dxc6 Qxc6 15. Nf1 h6 16. Ng3 Rac8 17. Nh4 Rfd8 18. Nhf5 Bf8 19. Qf3 Nh7 20. Nh5 Bxf5 21. Qxf5 g6 22. Qg4 Kh8 23. Ng3 Qd7 24. Qf3 Qe6 25. a4 Nc4 26. axb5 axb5 27. Ra7 Rd7 28. Rxd7 Qxd7 29. Bd3 Qe6 30. Qe2 h5 31. Nf1 Be7 32. Ne3 Bg5 33. Nd5 Bxc1 34. Rxc1 Nf6 35. Nxf6 Qxf6 36. Ra1 Qe6 37. Ra6 Qd7 38. b3 Qb7 39. Qa2 Nb6 40. Ra7 Qc6 41. Rxf7 Ra8 42. Qd2 Rg8 43. Qh6# 1-0


[Site "https://www.chess.com"]

[Event "Titled Tuesday Blitz March 01 Late 2022"]
[White "Holt, Conrad"]
[Black "Krishnan, Varun"]
[WhiteFideId "2034387"]
[BlackFideId "5054508"]
[WhiteElo "2586"]
[BlackElo "2609"]
[Result "1-0"]
[Round "03"]
[TimeControl "180+1"]
[Date "2022.03.01"]
[WhiteClock "0:01:03"]
[BlackClock "0:00:01"]

1. d4 d5 2. c4 e6 3. Nc3 Be7 4. cxd5 exd5 5. Bf4 c6 6. e3 Nf6 7. Bd3 O-O 8. Nf3 Bg4 9. Qb3 Qb6 10. Qc2 Bh5 11. Ne5 Na6 12. a3 c5 13. O-O Bg6 14. Nxg6 hxg6 15. Na4 Qc6 16. Bxa6 Qxa6 17. Nxc5 Bxc5 18. dxc5 Rac8 19. b4 Rfe8 20. Rfd1 Qe6 21. h3 Ne4 22. Qd3 g5 23. Bh2 Qf6 24. f3 Nc3 25. Re1 d4 26. exd4 Nd5 27. Be5 Qh6 28. Qc4 Rcd8 29. Bd6 Nf6 30. Be7 Rd7 31. Bxf6 Rxe1+ 32. Rxe1 Qxf6 33. Re8+ Kh7 34. d5 Qa1+ 35. Kh2 Qd1 36. Qe4+ g6 37. Qe5 f6 38. Qxf6 Rg7 39. Qd8 Kh6 40. Rh8+ Rh7 41. Qf8+ Kh5 42. Rxh7# 1-0


[Site "https://www.chess.com"]

[Event "Titled Tuesday Blitz March 01 Late 2022"]
[White "Hua, Lefong"]
[Black "Szente Varga, Fruzsina"]
[WhiteFideId "2602253"]
[BlackFideId "712264"]
[WhiteElo "2576"]
[BlackElo "1994"]
[Result "1-0"]
[Round "03"]
[TimeControl "180+1"]
[Date "2022.03.02"]
[WhiteClock "0:01:31"]
[BlackClock "0:00:14"]

1. d4 Nf6 2. c4 g6 3. Nc3 Bg7 4. e4 d6 5. f4 O-O 6. Nf3 c5 7. d5 e6 8. Be2 exd5 9. cxd5 Re8 10. Nd2 a6 11. a4 Qa5 12. Nc4 Qc7 13. e5 dxe5 14. fxe5 Nfd7 15. d6 Qd8 16. Nd5 Nxe5 17. Ne7+ Kh8 18. O-O Be6 19. Ne3 Nbc6 20. Nxc6 Nxc6 21. Bf3 Nd4 22. Bxb7 Ra7 23. Bf3 Qxd6 24. Kh1 Rd8 25. a5 Rad7 26. Be2 Qe5 27. Bxa6 Nb3 28. Qf3 Nxc1 29. Raxc1 Qxb2 30. Bc4 Bxc4 31. Nxc4 Qb4 32. h3 Bd4 33. Nb6 Re7 34. Nd5 Rxd5 35. Qxd5 Qxa5 36. Rxf7 Rxf7 37. Qxf7 Qd8 38. Re1 1-0


[Site "https://www.chess.com"]

[Event "Titled Tuesday Blitz March 01 Late 2022"]
[White "Ibarra Jerez, Jose Carlos"]
[Black "Golubev, Mikhail"]
[WhiteFideId "2226332"]
[BlackFideId "14100983"]
[WhiteElo "2626"]
[BlackElo "2374"]
[Result "1-0"]
[Round "03"]
[TimeControl "180+1"]
[Date "2022.03.01"]
[WhiteClock "0:00:59"]
[BlackClock "0:00:23"]

1. Nf3 d6 2. e4 c5 3. Bb5+ Bd7 4. Bxd7+ Qxd7 5. c4 g6 6. Nc3 Bg7 7. d4 cxd4 8. Nxd4 Nf6 9. f3 O-O 10. Be3 Nc6 11. O-O a6 12. Qd3 Rfb8 13. a4 Ne5 14. Qe2 Rc8 15. b3 e6 16. Rfd1 d5 17. Nc2 Qc7 18. exd5 exd5 19. Nxd5 Nxd5 20. Rxd5 Nxc4 21. bxc4 Bxa1 22. Nxa1 Qxc4 23. Rd8+ Rxd8 24. Qxc4 Rd1+ 25. Kf2 Rxa1 26. Bd4 Rd1 27. Bf6 Re8 28. Qf4 1-0


[Site "https://www.chess.com"]

[Event "Titled Tuesday Blitz March 01 Late 2022"]
[White "Jakubowska, Anna"]
[Black "Pace, Christopher"]
[WhiteFideId "1121952"]
[BlackFideId "2610167"]
[WhiteElo "1924"]
[BlackElo "2208"]
[Result "1/2-1/2"]
[Round "03"]
[TimeControl "180+1"]
[Date "2022.03.02"]
[WhiteClock "0:02:04"]
[BlackClock "0:00:15"]

1. e4 e5 2. Nf3 Nc6 3. Bb5 Nf6 4. O-O Nxe4 5. d4 Nd6 6. Bxc6 dxc6 7. dxe5 Nf5 8. Qxd8+ Kxd8 9. Rd1+ Ke8 10. c4 Be7 11. Nc3 Be6 12. b3 h5 13. h3 h4 14. Bf4 Rd8 15. Ne4 b6 16. Rxd8+ Kxd8 17. Rd1+ Kc8 18. Kf1 a5 19. Neg5 Bxg5 20. Bxg5 Re8 21. Nxh4 Nxh4 22. Bxh4 Bf5 23. g4 Be4 24. f4 Rh8 25. Bg3 Rxh3 26. Kf2 Rh1 27. Rxh1 Bxh1 28. Ke3 Bg2 29. f5 Kd7 30. e6+ fxe6 31. fxe6+ Kxe6 32. Bxc7 b5 33. cxb5 cxb5 34. Bxa5 Bd5 35. Bc3 g6 36. Kf4 Bg2 37. a4 bxa4 38. bxa4 Bf1 39. a5 Ba6 40. Kg5 Kf7 41. Kf4 Ke6 42. Ke3 Kd5 43. Bf6 Bb5 44. Bd8 Ba6 45. Bc7 Bb5 46. Kf4 Ke6 47. Ke4 Ba6 48. g5 Bb7+ 49. Kd4 Bh1 50. Kc5 Kd7 51. Kb6 Kc8 52. a6 Bg2 53. a7 Ba8 54. Be5 Kd7 55. Bd4 Bf3 56. Kc5 Ba8 57. Be3 Bg2 58. Kd4 Ba8 59. Ke5 Ke7 60. Bc5+ Kd7 61. Kf6 Be4 62. Bd4 Ke8 63. Be3 Kd7 64. Bf4 Ke8 65. Ke6 Kd8 66. Kd6 Kc8 67. Ke7 Kb7 68. Bb8 Ka8 69. Kd6 Bb1 70. Ke5 Bc2 71. Kd4 Bb1 72. Kc3 Bf5 73. Kd4 Bb1 74. Ke5 Bf5 75. Kf4 Bb1 76. Ke5 1/2-1/2


[Site "https://www.chess.com"]

[Event "Titled Tuesday Blitz March 01 Late 2022"]
[White "Janturin, Artur"]
[Black "Sailer, Mike"]
[WhiteFideId "4130022"]
[BlackFideId "2012901"]
[WhiteElo "2327"]
[BlackElo "2109"]
[Result "1-0"]
[Round "03"]
[TimeControl "180+1"]
[Date "2022.03.02"]
[WhiteClock "0:01:09"]
[BlackClock "0:02:08"]

1. b3 d5 2. Bb2 Nf6 3. e3 Bf5 4. f4 e6 5. Nf3 c5 6. Bb5+ Nc6 7. O-O Rc8 8. d3 a6 9. Bxc6+ Rxc6 10. Nbd2 Be7 11. Qe2 O-O 12. Rae1 Rc8 13. Kh1 h6 14. Ne5 Nd7 15. Ndf3 Bh7 16. Nxd7 Qxd7 17. Ne5 Qc7 18. Rf3 Bd6 19. Rg3 f6 20. Ng6 Bxg6 21. Rxg6 Qf7 22. Qh5 e5 23. Qxh6 d4 24. f5 dxe3 25. Rxe3 Rfe8 26. Reg3 Bf8 27. Rh3 Qd7 28. Qh7+ Kf7 29. Rhg3 Ke7 30. Rxg7+ Bxg7 31. Rxg7+ 1-0


[Site "https://www.chess.com"]

[Event "Titled Tuesday Blitz March 01 Late 2022"]
[White "Jarocka, Liwia"]
[Black "Rudzinska, Michalina"]
[WhiteFideId "21807558"]
[BlackFideId "1172883"]
[WhiteElo "1896"]
[BlackElo "1904"]
[Result "0-1"]
[Round "03"]
[TimeControl "180+1"]
[Date "2022.03.02"]
[WhiteClock "0:00:01"]
[BlackClock "0:00:08"]

1. d4 h6 2. Nf3 g5 3. e4 Bg7 4. h3 d6 5. Bc4 e6 6. d5 e5 7. a4 Nd7 8. a5 Ne7 9. a6 bxa6 10. Nc3 Nf8 11. Bxa6 Bxa6 12. Rxa6 Nfg6 13. Be3 O-O 14. O-O f5 15. exf5 Nxf5 16. Bd2 Qf6 17. Ne4 Qf7 18. c4 Nf4 19. Bxf4 gxf4 20. Nh2 Qg6 21. Qg4 Qf7 22. Rfa1 Kh7 23. Rxa7 Rxa7 24. Rxa7 Rg8 25. Qd1 Nd4 26. Nf3 Qg6 27. Nxd4 Qxe4 28. Qc2 Qxc2 29. Nxc2 e4 30. Rxc7 Rb8 31. b4 Kg6 32. b5 Bf6 33. Kf1 Ra8 34. Ke2 Ra2 35. Kd1 Rb2 36. Rc6 Bc3 37. Rxd6+ Kf5 38. Rd8 Rb1+ 39. Ke2 Rc1 40. Rf8+ Ke5 41. Re8+ Kf5 42. Rf8+ Ke5 43. Re8+ Kd6 44. Rxe4 Rxc2+ 45. Kd3 Rc1 46. Rxf4 Be5 47. Rg4 Kc5 48. Rg6 Rc3+ 49. Ke4 Bd6 50. Rxh6 Rxc4+ 51. Kf5 Kxd5 52. g4 Rf4+ 53. Kg6 Rxf2 54. Rh5+ Ke6 55. Rf5 Rh2 56. Rf3 Rb2 57. h4 Rxb5 58. h5 Be7 59. h6 Rg5+ 60. Kh7 Rxg4 61. Re3+ Kf7 62. Rf3+ Bf6 63. Rf1 Re4 64. Rb1 Re8 65. Rb7+ Be7 0-1


[Site "https://www.chess.com"]

[Event "Titled Tuesday Blitz March 01 Late 2022"]
[White "Johnson, Donald"]
[Black "Nasuta, Grzegorz"]
[WhiteFideId "30949122"]
[BlackFideId "1141686"]
[WhiteElo "1724"]
[BlackElo "2396"]
[Result "0-1"]
[Round "03"]
[TimeControl "180+1"]
[Date "2022.03.02"]
[WhiteClock "0:00:01"]
[BlackClock "0:00:48"]

1. e4 c5 2. Nf3 e6 3. d4 cxd4 4. Nxd4 Nf6 5. Nc3 d6 6. g4 h6 7. Rg1 Nc6 8. h4 Qb6 9. Be3 Qxb2 10. Ndb5 Qb4 11. Bd2 Kd8 12. Bd3 Ne5 13. Rb1 Qc5 14. Be3 Qc6 15. Bxa7 Rxa7 16. Nxa7 Qxc3+ 17. Kf1 Be7 18. f4 Nc4 19. Bxc4 Qxc4+ 20. Qd3 Qxe4 21. Nxc8 Qxf4+ 22. Ke1 Kxc8 23. Qc3+ Kb8 24. Qb3 Qe4+ 25. Kd1 Qd5+ 26. Qxd5 Nxd5 27. Rb3 Bxh4 28. Ke2 Rc8 29. Kd2 Bg5+ 30. Kd3 Nf4+ 31. Ke4 Rc4+ 32. Kf3 Rxc2 33. Rgb1 Rc7 34. R3b2 Nd5 35. Rb3 Nc3 36. R1b2 d5 37. Rc2 d4 38. a3 e5 39. Kf2 e4 40. Rb4 Nd1+ 41. Ke1 Rxc2 42. Rxd4 Nc3 43. Kf1 e3 44. Rc4 e2+ 45. Ke1 Bh4# 0-1


[Site "https://www.chess.com"]

[Event "Titled Tuesday Blitz March 01 Late 2022"]
[White "Jones, Gawain C B"]
[Black "Aldokhin, Ivan"]
[WhiteFideId "409561"]
[BlackFideId "24115720"]
[WhiteElo "2657"]
[BlackElo "2231"]
[Result "1-0"]
[Round "03"]
[TimeControl "180+1"]
[Date "2022.03.02"]
[WhiteClock "0:00:59"]
[BlackClock "0:00:06"]

1. Nf3 Nf6 2. g3 g6 3. Bg2 Bg7 4. b3 O-O 5. Bb2 Nc6 6. c4 d5 7. cxd5 Nxd5 8. Bxg7 Kxg7 9. d4 Bf5 10. O-O Qd6 11. Re1 Nf6 12. Nbd2 Nxd4 13. e4 Nxf3+ 14. Bxf3 Rad8 15. exf5 Qxd2 16. Qxd2 Rxd2 17. Rxe7 gxf5 18. Rxc7 Ne4 19. Bxe4 fxe4 20. Rxb7 Rc8 21. Re7 Rcc2 22. Rf1 Re2 23. a4 Kf8 24. Rxa7 e3 25. Ra5 Rxf2 26. Rxf2 Rxf2 27. Re5 Re2 28. Kf1 Rf2+ 29. Ke1 Rxh2 30. Rxe3 Ra2 31. Kd1 Kg7 32. Kc1 Kg6 33. Kb1 Rd2 34. a5 Kg5 35. a6 Rd6 36. Re5+ Kg4 37. Ra5 Rd8 38. a7 Ra8 39. b4 Kxg3 40. b5 h5 41. b6 h4 42. b7 1-0


[Site "https://www.chess.com"]

[Event "Titled Tuesday Blitz March 01 Late 2022"]
[White "Kaasen, Tor Fredrik"]
[Black "Tari, Aryan"]
[WhiteFideId "1516647"]
[BlackFideId "1510045"]
[WhiteElo "2335"]
[BlackElo "2567"]
[Result "0-1"]
[Round "03"]
[TimeControl "180+1"]
[Date "2022.03.01"]
[WhiteClock "0:00:20"]
[BlackClock "0:01:42"]

1. d4 d5 2. c4 e6 3. Nf3 Nf6 4. g3 Bd6 5. Bg2 O-O 6. O-O h6 7. b3 b6 8. Bb2 Bb7 9. Nc3 Re8 10. e3 Nbd7 11. cxd5 exd5 12. Rc1 a6 13. Ne1 Ne4 14. Nxe4 dxe4 15. Nc2 Nf6 16. Ba3 a5 17. Qd2 Nd5 18. Bxd6 Qxd6 19. f3 Nf6 20. f4 h5 21. h3 a4 22. Nb4 c5 23. Nc2 axb3 24. axb3 Ra2 25. Rfd1 Nd5 26. Ra1 Rxc2 27. Qxc2 Nxe3 28. dxc5 Qg6 29. Qc3 Nxd1 30. Rxd1 e3 31. Bxb7 Qxg3+ 32. Bg2 e2 0-1


[Site "https://www.chess.com"]

[Event "Titled Tuesday Blitz March 01 Late 2022"]
[White "Kamsky, Gata"]
[Black "Zubritskiy, Artyom"]
[WhiteFideId "2000024"]
[BlackFideId "4181247"]
[WhiteElo "2645"]
[BlackElo "2459"]
[Result "0-1"]
[Round "03"]
[TimeControl "180+1"]
[Date "2022.03.01"]
[WhiteClock "0:00:04"]
[BlackClock "0:01:07"]

1. e4 c5 2. Nf3 Nf6 3. e5 Nd5 4. g3 d6 5. Bg2 Nc6 6. exd6 Qxd6 7. d4 Bg4 8. c4 Ndb4 9. d5 Nd4 10. Na3 Qf6 11. Bf4 g5 12. O-O gxf4 13. Nb5 Nxb5 14. cxb5 Rd8 15. Qa4 Nxd5 16. b6+ Bd7 17. Qe4 Nxb6 18. Ne5 Bg7 19. gxf4 O-O 20. Rfe1 Bc8 21. a4 Nd5 22. Nd3 Bf5 23. Qf3 Bxd3 24. Qxd3 Nxf4 25. Qf3 Qg5 26. Kh1 Qxg2+ 27. Qxg2 Nxg2 28. Kxg2 Rd7 29. Rab1 b6 30. b3 Rfd8 31. Re3 e6 32. Rbe1 Rd3 0-1


[Site "https://www.chess.com"]

[Event "Titled Tuesday Blitz March 01 Late 2022"]
[White "Kanyamarala, Tarun"]
[Black "Riazantsev, Alexander"]
[WhiteFideId "45004714"]
[BlackFideId "4125029"]
[WhiteElo "2144"]
[BlackElo "2595"]
[Result "1/2-1/2"]
[Round "03"]
[TimeControl "180+1"]
[Date "2022.03.01"]
[WhiteClock "0:00:07"]
[BlackClock "0:00:30"]

1. d4 d5 2. c4 c6 3. Nf3 Nf6 4. Qb3 dxc4 5. Qxc4 Bf5 6. g3 e6 7. Bg2 Be7 8. O-O O-O 9. Rd1 Nbd7 10. e3 h6 11. Qe2 Rc8 12. Nc3 Ne4 13. Ne1 Nxc3 14. bxc3 b5 15. a4 a6 16. c4 bxc4 17. Qxc4 a5 18. Nd3 Nb6 19. Qb3 Bxd3 20. Rxd3 Nd5 21. Bd2 Nb4 22. Bxb4 Bxb4 23. Rc1 Qd7 24. Rdd1 Rc7 25. Rc4 Rfc8 26. Rdc1 c5 27. dxc5 Rxc5 28. Rxc5 Rxc5 29. Rxc5 Bxc5 30. h4 g6 31. Bf3 h5 32. Kg2 Bb4 33. Be4 Kf8 34. Qc2 Qd6 35. Qc6 Qe5 36. Qc2 Kg7 37. Bf3 Qa1 38. Be4 Be7 39. Bf3 Bf6 40. Be4 Bc3 41. Bf3 Qa3 42. Be4 Qb4 43. Bf3 f5 44. Qd1 Qe7 45. Bc6 Bf6 46. Qd7 Kf7 47. Qxe7+ Kxe7 48. Kf3 Bc3 49. Bb5 Kf6 50. e4 Bd4 51. exf5 exf5 52. Kg2 Ke5 53. Bc6 Bc5 54. Kf3 Bb6 55. Bb5 Kf6 56. Bc6 Bd8 57. Bb5 g5 58. hxg5+ Kxg5 59. Be8 Bc7 60. Kg2 f4 61. gxf4+ Bxf4 62. Bb5 Be5 63. Bc6 h4 64. Bd7 Bd6 65. Kh3 Bf4 66. Bc6 Be5 67. f3 Bf4 68. Kg2 Bg3 69. Kh3 Kf4 70. Kg2 Ke3 71. Kh3 Kf2 72. Bd5 Ke3 73. Be4 Kd4 74. Bc6 Kc5 75. Bb5 Kd4 76. Bc6 Ke3 77. Kg2 Bd6 78. Bb5 Be7 79. Bc6 Kf4 80. Bb5 h3+ 81. Kxh3 Kxf3 82. Kh2 Kf2 83. Kh3 1/2-1/2


[Site "https://www.chess.com"]

[Event "Titled Tuesday Blitz March 01 Late 2022"]
[White "Kaplan, Ebru"]
[Black "Bilych, Olexiy"]
[WhiteFideId "6315194"]
[BlackFideId "14156504"]
[WhiteElo "1941"]
[BlackElo "2195"]
[Result "0-1"]
[Round "03"]
[TimeControl "180+1"]
[Date "2022.03.02"]
[WhiteClock "0:00:01"]
[BlackClock "0:00:43"]

1. e4 e5 2. Nf3 Nc6 3. Nc3 Nf6 4. Bb5 Nd4 5. Bc4 Bc5 6. d3 Nxf3+ 7. Qxf3 O-O 8. Bg5 Be7 9. O-O d6 10. Rad1 Be6 11. Bb3 h6 12. Bxf6 Bxf6 13. Nd5 Bg5 14. g3 Qd7 15. h4 Bg4 16. Qg2 Bd8 17. Rde1 Bh3 18. Qf3 Bxf1 19. Rxf1 Kh8 20. Ne3 g6 21. h5 Kg7 22. Kg2 Bg5 23. Rh1 c6 24. Qe2 Qe7 25. f3 Bxe3 26. Qxe3 Qg5 27. Qe2 gxh5 28. Rh4 f5 29. Qf1 f4 30. Rh3 h4 0-1


[Site "https://www.chess.com"]

[Event "Titled Tuesday Blitz March 01 Late 2022"]
[White "Khabinets, Ivan"]
[Black "Jobava, Baadur"]
[WhiteFideId "14115980"]
[BlackFideId "13601520"]
[WhiteElo "2114"]
[BlackElo "2617"]
[Result "0-1"]
[Round "03"]
[TimeControl "180+1"]
[Date "2022.03.02"]
[WhiteClock "0:00:18"]
[BlackClock "0:01:09"]

1. Nf3 d5 2. c4 c6 3. g3 Nf6 4. d4 Bf5 5. Nc3 e6 6. Nh4 Be4 7. f3 Bg6 8. Qb3 Qc8 9. Nxg6 hxg6 10. e4 dxe4 11. fxe4 e5 12. d5 Na6 13. Be3 Bc5 14. Bxc5 Nxc5 15. Qc2 a5 16. O-O-O Qc7 17. Bg2 O-O-O 18. Qf2 Qe7 19. h3 Kb8 20. Kc2 Nfd7 21. Rhf1 f6 22. b3 g5 23. a3 Na6 24. Kb2 Ndc5 25. Qe3 Qc7 26. Ka2 Qb6 27. Rb1 Kc7 28. Rfd1 Nb4+ 29. axb4 axb4 30. Na4 Nxa4 31. Qxb6+ Nxb6 32. c5 Nd7 33. Rbc1 Ra8+ 34. Kb2 Ra5 35. Rc4 Rha8 36. Rd2 Ra2+ 37. Kc1 Ra1+ 38. Kc2 R8a2+ 39. Kd3 Rxd2+ 40. Kxd2 Ra2+ 41. Rc2 Rxc2+ 42. Kxc2 Nxc5 0-1


[Site "https://www.chess.com"]

[Event "Titled Tuesday Blitz March 01 Late 2022"]
[White "Kopczynski, Michal"]
[Black "Zhou, Qiyu"]
[WhiteFideId "1124200"]
[BlackFideId "505161"]
[WhiteElo "2235"]
[BlackElo "1925"]
[Result "1-0"]
[Round "03"]
[TimeControl "180+1"]
[Date "2022.03.02"]
[WhiteClock "0:00:04"]
[BlackClock "0:00:03"]

1. e4 c5 2. d4 cxd4 3. c3 d3 4. Bxd3 d6 5. f4 Nc6 6. Nf3 g6 7. O-O Bg7 8. Kh1 e6 9. Qe1 Nge7 10. Be3 O-O 11. Nbd2 Bd7 12. Rd1 Rc8 13. Qh4 f6 14. f5 exf5 15. Bh6 Ne5 16. Bc2 Be6 17. Bxg7 Kxg7 18. Nd4 Qd7 19. exf5 Bxf5 20. Nxf5+ Nxf5 21. Bxf5 gxf5 22. Nf3 Ng6 23. Qh3 Rc5 24. Nd4 Re8 25. Rxf5 Rxf5 26. Nxf5+ Kh8 27. Qh5 Re5 28. Rf1 Nf4 29. Qh6 Ng6 30. Nd4 Qe7 31. Qd2 d5 32. Qf2 Kg8 33. h3 b6 34. Qxf6 Qxf6 35. Rxf6 Re1+ 36. Kh2 Rb1 37. b4 Rb2 38. a3 Nh4 39. Kg3 Nxg2 40. Rd6 Ne3 41. Kf3 Nc4 42. Rxd5 Nd2+ 43. Kf4 Nc4 44. a4 Rh2 45. Kg3 Rd2 46. Rd8+ Kf7 47. Rd7+ Kf6 48. Rxh7 Rd3+ 49. Kf4 Rxc3 50. Rxa7 Nd6 51. h4 Rc4 52. Ke3 Rxb4 53. h5 Nc4+ 54. Kd3 Ne5+ 55. Kc3 Rb1 56. h6 Rh1 57. h7 Rh3+ 58. Kb4 Rh4 59. Kc3 Rh3+ 60. Kb4 Rh4 61. Kb5 Nf7 62. Nf5 Rh5 63. Kxb6 Rxf5 64. Rxf7+ Kxf7 65. h8=Q Rf6+ 66. Qxf6+ Kxf6 67. a5 1-0


[Site "https://www.chess.com"]

[Event "Titled Tuesday Blitz March 01 Late 2022"]
[White "Kosakowski, Jakub"]
[Black "Dounis, Alexandros"]
[WhiteFideId "1185080"]
[BlackFideId "4213238"]
[WhiteElo "2476"]
[BlackElo "2195"]
[Result "1-0"]
[Round "03"]
[TimeControl "180+1"]
[Date "2022.03.02"]
[WhiteClock "0:00:08"]
[BlackClock "0:00:02"]

1. e4 e5 2. Nf3 Nc6 3. c3 d5 4. Qa4 f6 5. Bb5 Ne7 6. exd5 Qxd5 7. d4 e4 8. c4 Qd6 9. Nfd2 Qxd4 10. Nc3 e3 11. Nf3 exf2+ 12. Kf1 Qg4 13. Nd5 Qd7 14. Bf4 Nxd5 15. cxd5 Qxd5 16. Rd1 Qc5 17. Be3 Qxe3 18. Bxc6+ Kf7 19. Bd5+ Be6 20. Qd7+ Be7 21. Nd4 Bxd5 22. Qxd5+ Kg6 23. Qf5+ Kf7 24. Qh5+ g6 25. Qd5+ Kg7 26. Ne6+ Kh6 27. Qc4 g5 28. Nd4 Qe5 29. h4 g4 30. Ne6 Rad8 31. Qc1+ Kh5 32. Rxd8 Rxd8 33. Nf4+ Kh6 34. Nd3+ Kh5 35. Nxe5 fxe5 36. Qc2 h6 37. Qf5+ Bg5 38. hxg5# 1-0


[Site "https://www.chess.com"]

[Event "Titled Tuesday Blitz March 01 Late 2022"]
[White "Kostiukov, Alexandr"]
[Black "Carre, Sylvain"]
[WhiteFideId "14108100"]
[BlackFideId "642118"]
[WhiteElo "2202"]
[BlackElo "2105"]
[Result "0-1"]
[Round "03"]
[TimeControl "180+1"]
[Date "2022.03.02"]
[WhiteClock "0:00:04"]
[BlackClock "0:00:18"]

1. g3 d5 2. Bg2 c6 3. d3 Nf6 4. e4 dxe4 5. dxe4 Qxd1+ 6. Kxd1 Ng4 7. Nh3 f5 8. f3 Nf6 9. e5 Nd5 10. c4 Nb6 11. b3 e6 12. Be3 N8d7 13. f4 h6 14. Nc3 Bb4 15. Kc2 Kf7 16. Nf2 Rd8 17. Nd3 Be7 18. Rhd1 Nf8 19. a4 Nbd7 20. a5 a6 21. Na4 Ng6 22. Nb6 Nxb6 23. Bxb6 Rd7 24. Nc5 Rxd1 25. Rxd1 Nf8 26. Kc3 Ke8 27. b4 g6 28. h3 Bd7 29. Nxb7 Rb8 30. Nd6+ Bxd6 31. Rxd6 Rc8 32. c5 g5 33. Bf1 Ra8 34. Bc4 Ke7 35. Rd2 Ng6 36. Bc7 gxf4 37. Bd6+ Ke8 38. gxf4 Nxf4 39. Rf2 Nxh3 40. Rh2 Ng5 41. Rxh6 Kf7 42. Rf6+ Kg7 43. Bd3 Rh8 44. Bxa6 Ne4+ 45. Kc4 Nxf6 46. exf6+ Kxf6 47. Bb7 Rh4+ 48. Kb3 Rh3+ 49. Ka4 Rh1 50. a6 Ra1+ 51. Kb3 e5 52. Bc7 Be6+ 53. Kb2 f4 0-1


[Site "https://www.chess.com"]